 Dungeon Crawl Stone Soup version 0.28.0-53-g5a82cb258f (webtiles) character file.

Game seed: 15012233698675264588

1675 cbfl8 the Cleaver (level 8, 0/73 HPs)
             Began as a Minotaur Berserker on Sept 5, 2022.
             Was a Priest of Trog.
             Shot with an arrow by a centaur (4 damage)
             ... on level 7 of the Dungeon.
             The game lasted 00:07:01 (7320 turns).

cbfl8 the Cleaver (Minotaur Berserker)              Turns: 7320, Time: 00:07:01

Health: 0/73       AC: 12    Str: 22    XL:     8   Next: 70%
Magic:  7/7        EV:  7    Int:  4    God:    Trog [***...]
Gold:   220        SH:  8    Dex: 12    Spells: 7/7 levels left

rFire   . . .      SeeInvis .   C - +3 hand axe
rCold   + . .      Faith    .   k - +0 kite shield
rNeg    . . .      Spirit   .   o - +0 chain mail
rPois   .          Reflect  .   (helmet restricted)
rElec   .          Harm     .   x - +0 cloak
rCorr   +          Rampage  .   d - +0 pair of gloves
Will    .....                   (no boots)
Stlth   ..........              (no amulet)
HPRegen 0.22/turn               h - ring of protection from cold
MPRegen 0.10/turn               B - ring of resist corrosion

@: no status effects
A: horns 2, retaliatory headbutt
a: Renounce Religion, Berserk, Trog's Hand


You were on level 7 of the Dungeon.
You worshipped Trog.
Trog was most pleased with you.
You visited 1 branch of the dungeon, and saw 7 of its levels.
You also visited: Sewer.

You collected 220 gold pieces.

Inventory:

Hand Weapons
 C - a +3 hand axe (weapon)
Missiles
 b - a throwing net
Armour
 d - a +0 pair of gloves (worn)
 k - a +0 kite shield (worn)
 o - a +0 chain mail (worn)
 x - a +0 cloak (worn)
Jewellery
 h - a ring of protection from cold (left hand)
 w - a ring of fire
 B - a ring of resist corrosion (right hand)
Wands
 n - a wand of mindburst (9) (quivered)
 v - a wand of flame (22)
Scrolls
 e - a scroll of teleportation
 j - 2 scrolls of immolation
 p - a scroll of noise
 q - a scroll of enchant armour
 s - a scroll of fear
 t - a scroll of summoning
 y - a scroll of enchant weapon
Potions
 a - a potion of heal wounds
 c - a potion of haste
 g - 2 potions of curing
 l - a potion of lignification {unknown}
 m - 3 potions of might
 r - 2 potions of flight
 u - 2 potions of degeneration {unknown}
 z - a potion of cancellation {unknown}
 A - 2 potions of mutation {unknown}


   Skills:
 * Level 7.1 Fighting
 * Level 8.3 Axes
 + Level 5.9 Armour
 * Level 4.6 Dodging
 + Level 0.4 Stealth
 + Level 2.7 Shields
 * Level 3.3 Evocations


You had 7 spell levels left.
You didn't know any spells.
Your spell library was empty.

Dungeon Overview and Level Annotations

Branches:
Dungeon (7/15)             Temple (0/1) D:4           Sewer (visited)

Altars:
Ashenzari
Elyvilon
Nemelex Xobeh
Okawaru
Ru
Zin

Shops:
D:2 :   D:3 [   D:5 (


Innate Abilities, Weirdness & Mutations

You have a pair of horns on your head.
You reflexively headbutt those who attack you in melee.


Message History

You barely miss the orc priest.
The orc priest is moderately wounded.
The orc hits you from afar with a +0 trident.
The orc priest barely misses you. You furiously retaliate!
You headbutt the orc priest. You hit the orc priest.
The orc priest is almost dead.
The orc hits you but does no damage. The orc priest barely misses you.
You slash the orc priest!
You kill the orc priest!
Trog accepts your kill.
The orc hits you from afar with a +0 trident!
Your Fighting skill increases to level 7!
The orc hits you with a +0 trident.
You barely miss the orc. The orc barely misses you. You furiously retaliate!
You headbutt the orc, but do no damage. You closely miss the orc.
The orc hits you with a +0 trident.
You slash the orc!
You kill the orc!
Trog accepts your kill.
No target in view!
Found a ring mail.
a - a potion of heal wounds
u - 2 fuming dark potions (gained 1)
A centaur comes into view.
The centaur wields a +0 shortbow.
The centaur shoots an arrow.
The arrow hits you.
The centaur shoots an arrow.
The arrow hits you.
The centaur shoots an arrow.
The arrow hits you.
The centaur shoots an arrow.
The arrow hits you.
Found 15 gold pieces.
The centaur shoots an arrow.
The arrow hits you!
* * * LOW HITPOINT WARNING * * *
The centaur shoots an arrow.
The arrow hits you.
* * * LOW HITPOINT WARNING * * *
The centaur shoots an arrow.
The arrow hits you.
* * * LOW HITPOINT WARNING * * *
The centaur shoots an arrow.
The arrow hits you.
* * * LOW HITPOINT WARNING * * *
The centaur shoots an arrow.
The arrow hits you.
You die...

#................. ...
...... .......#.. #...
...... ......#.. $....
...... ..c..#.##.....
...... #.#..#......#
...... ###.#..#.##...#.#
......##........#...PP..
................@"#
.........[........#
..................#
...[..............#
............)...#.#
...........).<..#.#
#............)....#
....##.......).#..#
#..............# .#


You could see a centaur.

Vanquished Creatures
  Prince Ribbit (D:5)
  Duvessa (D:5)
  An ice beast (D:6)
  A hornet zombie (D:5)
  A kobold brigand (Sewer)
  A bullfrog (D:5)
  2 scorpions
  A wyvern skeleton (D:5)
  Dowan (D:5)
  4 wights (D:6)
  A howler monkey (D:2)
  A centaur zombie (D:5)
  A hound (D:6)
  A bullfrog skeleton (D:6)
  4 jellies
  Crazy Yiuf (D:5)
  4 orc priests
  Ijyb (D:5)
  2 orc wizards (D:5)
  A scorpion zombie (D:5)
  A hound zombie (D:5)
  4 adders
  A river rat (Sewer)
  A white imp (D:6)
  2 worms (D:2)
  A dart slug (D:2)
  11 orcs
  6 ball pythons
  4 bats
  8 endoplasms
  4 giant cockroaches
  5 goblins
  6 hobgoblins
  11 jackals
  9 kobolds
  3 quokkas
  13 rats
121 creatures vanquished.

Vanquished Creatures (others)
  An orc wizard (D:5)
  2 withered plants (D:7)
3 creatures vanquished.

Grand Total: 124 creatures vanquished

Notes
Turn   | Place    | Note
-------+----------+-------------------------------------------
     0 | D:1      | cbfl8 the Minotaur Berserker began the quest for the Orb.
     0 | D:1      | Reached XP level 1. HP: 19/19 MP: 0/0
   271 | D:1      | Reached XP level 2. HP: 27/27 MP: 1/1
   365 | D:1      | Found a faded altar of an unknown god.
   633 | D:1      | Reached skill level 4 in Axes
  1053 | D:2      | Found Xigir's Book Emporium.
  1061 | D:2      | Noticed a howler monkey
  1069 | D:2      | Reached XP level 3. HP: 19/34 MP: 2/2
  1081 | D:2      | Reached XP level 4. HP: 24/41 MP: 3/3
  1096 | D:2      | Reached ** piety under Trog
  1542 | D:2      | You fall into a shaft and drop 1 floor!
  1584 | D:3      | Reached skill level 1 in Evocations
  2154 | D:3      | Found Belel's Armour Shop.
  2170 | D:3      | Reached skill level 5 in Axes
  2722 | D:3      | Found a sacrificial altar of Ru.
  2998 | D:4      | Reached XP level 5. HP: 47/47 MP: 4/4
  3132 | D:4      | Found a staircase to the Ecumenical Temple.
  3156 | D:4      | Found a glowing drain.
  3166 | D:4      | Reached *** piety under Trog
  3173 | Sewer    | Entered a sewer
  3314 | Sewer    | Found a white marble altar of Elyvilon.
  3560 | D:4      | Reached XP level 6. HP: 49/55 MP: 5/5
  3597 | D:4      | Found a broken altar of Ashenzari.
  3597 | D:4      | Found a white marble altar of Elyvilon.
  3597 | D:4      | Found a sparkling altar of Nemelex Xobeh.
  3597 | D:4      | Found a glowing silver altar of Zin.
  3602 | D:4      | Reached skill level 1 in Shields
  3847 | D:5      | Entered Level 5 of the Dungeon
  3860 | D:5      | Noticed Dowan
  3866 | D:5      | Reached skill level 5 in Fighting
  3866 | D:5      | Reached skill level 6 in Axes
  3871 | D:5      | Killed Dowan
  4098 | D:5      | Noticed Prince Ribbit
  4138 | D:5      | Killed Prince Ribbit
  4139 | D:5      | Reached XP level 7. HP: 28/62 MP: 6/6
  4553 | D:5      | Noticed Duvessa
  4853 | D:5      | Reached skill level 7 in Axes
  4853 | D:5      | Reached skill level 5 in Armour
  4948 | D:5      | Killed Duvessa
  4949 | D:5      | Reached XP level 8. HP: 70/70 MP: 7/7
  5141 | D:5      | Noticed Ijyb
  5142 | D:5      | Found Saippyxt's Weapon Shoppe.
  5158 | D:5      | Killed Ijyb
  5502 | D:5      | Found a runed translucent door.
  5503 | D:5      | Noticed Crazy Yiuf
  5741 | D:5      | Killed Crazy Yiuf
  6118 | D:6      | Reached skill level 8 in Axes
  7286 | D:7      | Found an iron altar of Okawaru.
  7319 | D:7      | HP: 3/73 [centaur/arrow (6)]
  7320 | D:7      | Shot with an arrow by a centaur

Illustrated notes

Levels and vault maps discovered:
D:1:      erik_arrival_cave_to_civilisation [erik_arrival_cave_to_temple],
          layout_basic, dreamdust_ecumenical_altar_angels_and_demons
D:2:      layout_basic, serial_shops, nicolae_shop_trees, uniq_sigmund
D:3:      layout_loops_ring, nicolae_ru_path_of_blood, serial_shops, shop,
          minmay_misc_feat_nine_boxes, minmay_pentangle
D:4:      layout_basic, grunt_temple_overflow_cloverleaf, temple_doors_ab,
          portal_sewer_entry_b, st_stairs_3
D:5:      layout_cave_pools, serial_shops, nicolae_shop_advertising_works
          [nicolae_subvault_shop_adworks], uniq_crazy_yiuf_cottage,
          uniq_prince_ribbit1, uniq_ijyb, uniq_duvessa
D:6:      kennysheep_spiral_hall, layout_basic
D:7:      layout_cave_pools, kiku_gazebo_garden_becter, okawaru_metal_pillars_3,
          enter_ossuary_4, kennysheep_path_1, uniq_pikel

Skill      XL: |  1  2  3  4  5  6  7  8 |
---------------+-------------------------+-----
Fighting       | 4 5 6 7 |  7.1
Axes           | 4 5 6 7 8 |  8.3
Evocations     | 1 2 3 |  3.3
Armour         | 3 5 |  5.9
Dodging        | 3 4 |  4.6
Shields        | 1 2 |  2.7
Stealth        | |  0.4

Action                   |  1- 3 |  4- 6 |  7- 9 || total
-------------------------+-------+-------+-------++-------
Melee: Hand axe          |    50 |   166 |   149 ||   365
       Headbutt          |     8 |    26 |    34 ||    68
       Punch             |     1 |       |       ||     1
Throw: Throwing net      |       |     1 |       ||     1
Invok: Berserk           |       |     1 |     4 ||     5
Evoke: Wand              |       |     7 |     3 ||    10
  Use: Potion            |       |     2 |       ||     2
       Scroll            |       |       |    11 ||    11
Armor: Ring mail         |    15 |    30 |       ||    45
       Chain mail        |       |    45 |    54 ||    99
Dodge: Dodged            |    26 |    65 |    46 ||   137
Block: Kite shield       |    10 |    54 |    57 ||   121
